 Dungeon Crawl Stone Soup version 0.32-a0-407-g4da7c8d6d1 (webtiles) character file.

Game seed: 1942543452950182838

38 Goblin1989 the Sneak (level 3, -8/29 HPs)
             Began as a Demonspawn Delver on Feb 21, 2024.
             Killed by divine providence
             ... invoked by an orc priest
              (10 damage)
             ... on level 2 of the Dungeon.
             The game lasted 00:03:12 (1095 turns).

Goblin1989 the Sneak (Demonspawn Delver)            Turns: 1095, Time: 00:03:12

Health: -8/29      AC:  4    Str: 12    XL:     3   Next: 25%
Magic:  3/3        EV: 11    Int: 10    God:
Gold:   61         SH:  0    Dex: 16    Spells: 2/2 levels left

rFire   . . .        a - +0 short sword
rCold   . . .        (no shield)
rNeg    . . .        b - +0 leather armour
rPois   .            (no helmet)
rElec   .            (no cloak)
rCorr   .            (no gloves)
SInv    .            (no boots)
Will    .....        (no amulet)
Stlth   +++          (no ring)
HPRegen 0.24/turn    (no ring)
MPRegen 0.08/turn

%: no passive effects
@: no status effects
A: sharp scales 1
a: Convert to Beogh


You were on level 2 of the Dungeon.
You visited 1 branch of the dungeon, and saw 5 of its levels.

You collected 61 gold pieces.

Inventory:

Hand Weapons
 a - a +0 short sword (weapon)
Missiles
 k - 10 stones (quivered)
Armour
 b - a +0 leather armour (worn)
Wands
 g - a wand of digging (3) {@v3}
 i - a wand of polymorph (2)
Scrolls
 c - a scroll of fog
 h - 2 scrolls of identify {unknown}
 j - a scroll of noise {unknown}
 m - a scroll of revelation
Potions
 f - a potion of haste {@q3,}
 l - a potion of degeneration {unknown}


   Skills:
 - Level 3.0 Fighting
 + Level 2.6 Short Blades
 - Level 1.7 Dodging
 + Level 5.1 Stealth


You had 2 spell levels left.
You didn't know any spells.
Your spell library was empty.

Dungeon Overview and Level Annotations

Branches:
Dungeon (5/15) Zot: 26018
 Temple: D:4-7

Altars:


Innate Abilities, Weirdness & Mutations

You are partially covered in razor-sharp scales. (AC +1, Slay +1)


Message History

No target in view!
No target in view!
No target in view!
No target in view!
No target in view!
No target in view!
No target in view!
No target in view!
No target in view!
No target in view!
No target in view!
No target in view!
No target in view!
No target in view!
No target in view!
You see here a rat corpse.
You now have 58 gold pieces (gained 9).
Done exploring.
Done exploring.
Done exploring.
No target in view!
Search for what [? for help]? .
Things that are here:
a +0 short sword; a kobold skeleton You see here a +0 club.
You see here a hobgoblin skeleton.
There is a stone staircase leading down here.
You climb downwards.
There is a stone staircase leading up here.
You closely miss the goblin.
The goblin shouts!
The goblin hits you but does no damage.
You hit the goblin.
The goblin is severely wounded.
The goblin closely misses you.
You hit the goblin.
You kill the goblin!
No target in view!
No target in view!
No target in view!
No target in view!
No target in view!
No target in view!
No target in view!
No target in view!
No target in view!
No target in view!
No target in view!
No target in view!
No target in view!
No target in view!
No target in view!
No target in view!
No target in view!
You now have 61 gold pieces (gained 3).
A hobgoblin comes into view.
A hobgoblin is nearby!
A hobgoblin is nearby!
An orc comes into view. It is wielding a +0 hand axe.
A goblin and an orc come into view.
An orc comes into view. It is wielding a +0 hand axe.
The goblin shouts!
The orc shouts! x3; You hear a shout!
An orc priest comes into view. It is wielding a +0 falchion.
The orc priest shouts!
The goblin barely misses you.
You hit the goblin.
You kill the goblin!
The hobgoblin hits you but does no damage.
You hit the orc.
The orc is heavily wounded.
The hobgoblin closely misses you. The orc barely misses you.
You hit the orc but do no damage.
The orc is heavily wounded.
The hobgoblin completely misses you. The orc hits you with a +0 hand axe.
You take 4 damage, and have 25/29 hp.
You closely miss the orc.
The orc is heavily wounded.
The hobgoblin barely misses you. The orc hits you with a +0 hand axe.
You barely miss the orc.
The orc is heavily wounded.
You take 5 damage, and have 20/29 hp.
You barely miss the orc.
The orc is heavily wounded.
The hobgoblin barely misses you. The orc hits you with a +0 hand axe.
The orc priest shouts, "Beogh offers mercy even to people such as you.
Join us and be reborn!" (press Y on the ability menu to convert to Beogh)
You take 5 damage, and have 15/29 hp.
The orc throws a stone.
The stone hits you but does no damage.
The hobgoblin attacks as it pursues you!
The hobgoblin barely misses you.
The orc priest calls down the wrath of Beogh upon you.
Beogh smites you!
* * * LOW HITPOINT WARNING * * *
You take 11 damage, and have 5/29 hp.
MASSIVE DAMAGE!!
The hobgoblin hits you.
* * * LOW HITPOINT WARNING * * *
You take 4 damage, and have 1/29 hp.
The orc priest invokes the aid of Beogh against you.
Beogh smites you!
You die...

█.. █.████ █.. █....█ █..
███████.████ █.. ............
█.. ██.████.███. █████.. █.█
█.█ █. ......)██ █.█ █.█ █.
........██████████████.████.█
█.
......█oo.o.og.@...██...█...█
█.


█████ ████████████.█......█.█ █. █..........█ █. █..........█ █. ██....)....█ █.
██........███. ██........... ██.██.<.████ █.██....█ You could see an orc priest,
2 orcs and a hobgoblin.

Vanquished Creatures
  A ball python (D:2)
  2 endoplasms
  A giant cockroach (D:1)
  8 goblins
  2 hobgoblins (D:1)
  A bat (D:1)
  2 frilled lizards (D:1)
  A kobold (D:1)
  3 rats (D:1)
21 creatures vanquished.

Notes
Turn   | Place    | Note
-------+----------+-------------------------------------------
     0 | D:5      | Goblin1989 the Demonspawn Delver began the quest for the
                  | Orb.
     0 | D:5      | Reached XP level 1. HP: 18/18 MP: 1/1
   286 | D:1      | Gained mutation: You are partially covered in razor-sharp
                  | scales. (AC +1, Slay +1) [demonic ancestry]
   286 | D:1      | Reached XP level 2. HP: 24/24 MP: 2/2
   687 | D:1      | Reached skill level 5 in Stealth
   853 | D:1      | Reached XP level 3. HP: 23/29 MP: 3/3
  1091 | D:2      | HP: 1/29 [hobgoblin (4)]
  1095 | D:2      | Killed from afar by an orc priest

Illustrated notes

Levels and vault maps discovered:
D:1:      lemuel_arrival_tunnels, layout_loops_ring
D:2:      layout_loops_ring
D:3:      layout_basic, serial_shops, shop, minmay_misc_feat_square,
          minmay_liquid_box, uniq_robin
D:4:      layout_basic
D:5:      layout_rooms, minmay_temple_entry_stoned_glass, palyth_stone_intersect

Skill      XL: |  1  2 |
---------------+-------+-----
Short Blades   | 2 |  2.6
Stealth        | 5 |  5.1
Fighting       | |  3.0
Dodging        | |  1.7

Action                     || total
---------------------------++-------
  Melee: Short sword       ||    75
    Use: Scroll            ||     2
   Stab: Sleeping          ||     7
 Armour: Leather armour    ||    30
  Dodge: Dodged            ||    33

Table legend: (Time is in decaauts)
 A = Elapsed time spent in this place.
 B = Non-inter-level travel time spent in this place.
 C = Inter-level travel time spent in this place.
 D = Time resting spent in this place.
 E = Time spent auto-exploring this place.
 F = Levels seen in this place.
 G = Mean time per level.
                   A        B        C        D        E       F      G
               +--------+--------+--------+--------+--------+-----+--------+
         Total |   1085 |    956 |    129 |      0 |    706 |   5 |  217.0 |
       Dungeon |   1085 |    956 |    129 |      0 |    706 |   5 |  217.0 |
               +--------+--------+--------+--------+--------+-----+--------+

Top non-repeatable levels by time:
     D:1: 926 daAuts
     D:2: 106 daAuts
     D:4: 25 daAuts
     D:5: 17 daAuts
     D:3: 9 daAuts
